 Dungeon Crawl Stone Soup version 0.29.0-4-gdea44cf6ec (webtiles) character file.

Game seed: 15302180947697076308

3023 qw the Cleaver (level 9, -3/79 HPs)
             Began as a Minotaur Fighter on Sept 6, 2022.
             Was an Initiate of Ru.
             Slain by Erica
             ... wielding a +0 scimitar of flaming
              (5 damage)
             ... on level 8 of the Dungeon.
             The game lasted 00:03:00 (8540 turns).

qw the Cleaver (Minotaur Fighter)                   Turns: 8540, Time: 00:03:00

Health: -3/79      AC: 10    Str: 24    XL:     9   Next: 55%
Magic:  8/8        EV: 11    Int:  5    God:    Ru [......]
Gold:   329        SH: 10    Dex: 11    Spells: 8/8 levels left

rFire   . . .      SeeInvis .   Y - +0 war axe
rCold   . . .      Faith    .   c - +0 buckler
rNeg    + . .      Spirit   .   p - +0 swamp dragon scales
rPois   +          Reflect  +   (helmet restricted)
rElec   .          Harm     .   (no cloak)
rCorr   +          Rampage  .   (no gloves)
Will    .....                   o - +0 pair of boots
Stlth   +.........              i - amulet of reflection
HPRegen 0.23/turn               a - ring of resist corrosion
MPRegen 0.11/turn               g - ring of positive energy

@: no status effects
A: horns 2, retaliatory headbutt
a: Renounce Religion


You were on level 8 of the Dungeon.
You worshipped Ru.
Ru was noncommittal.
You visited 2 branches of the dungeon, and saw 9 of its levels.

You collected 329 gold pieces.


Innate Abilities, Weirdness & Mutations

You have a pair of horns on your head.
You reflexively headbutt those who attack you in melee.


   Skills:
 + Level 7.0 Fighting
 - Level 13.0 Axes
 - Level 1.0 Throwing
 - Level 6.0 Armour
 - Level 3.3 Dodging
 - Level 4.7 Shields


You had 8 spell levels left.
You didn't know any spells.
Your spell library was empty.

Inventory:

Hand Weapons
 j - a +1 hand axe of flaming
 Y - a +0 war axe (weapon)
Armour
 c - a +0 buckler (worn)
 k - a +0 chain mail
 o - a +0 pair of boots (worn)
 p - +0 swamp dragon scales (worn)
Jewellery
 a - a ring of resist corrosion (left hand)
 g - a ring of positive energy (right hand)
 i - an amulet of reflection (around neck)
Scrolls
 b - a scroll of teleportation
 m - 8 scrolls of identify
Potions
 d - a potion of might
 f - 2 potions of haste
 h - a potion of heal wounds
 l - a potion of cancellation
 n - 4 potions of curing

Dungeon Overview and Level Annotations

Branches:
Dungeon (8/15)             Temple (1/1) D:6
   Lair: D:8-11

Altars:
Cheibriados
Dithmenos
Elyvilon
Fedhas
Gozag
Hepliaklqana
Kikubaaqudgha
Makhleb
Nemelex Xobeh
Okawaru
Qazlal
Ru
Sif Muna
Trog
Uskayaw
Vehumet
Wu Jian
Xom
Yredelemnul
Zin
The Shining One

Annotations:
D:3 1 runed translucent door, Crazy Yiuf
D:8 Erica


Message History

Erica screams, "You'll never get it!"
Erica hits you with a +0 scimitar of flaming.
Erica burns you.
You hit Erica but do no damage. You headbutt Erica.
Erica is lightly wounded.
You slash Erica! You headbutt Erica.
Erica is moderately wounded.
Erica hits you with a +0 scimitar of flaming!
Erica burns you.
You barely miss Erica.
Erica is moderately wounded.
Erica mumbles some strange words.
Erica flickers and vanishes!
Deactivating autopickup; reactivate with Ctrl-A.
You closely miss something. Something hits you! Something burns you.
You miss something. Your headbutt misses something.
Something hits you but does no damage.
You closely miss something. Your headbutt misses something.
You hear some strange, mumbled words.
A bolt of poison appears from out of thin air!
The bolt of poison hits you! You resist.
You slash something! You headbutt something. You hit something.
Something completely misses you.
You slash something! Something hits you! Something burns you.
You miss something. Your headbutt misses something.
You hear some strange, mumbled words.
Something tries to affect you, but you resist.
You hit something but do no damage.
You hear some strange, mumbled words.
A lance of force appears from out of thin air!
The lance of force hits you!
You are knocked back by the lance of force.
You slam into the rock wall!
You swing at nothing.
You slash something! Something hits you! Something burns you.
You die...

#.#.. #.#
#.#.# #.#
#.#.# #.#
#.#.### #.#
#.#.#.# #.#
###...).# #.#
.......<# #.#
####..).#
#.######
......>.#
#.#...@#
####....#
#.#.##.#
#....#
#.#.##.#
#....#
#.#.##.#
#....#
#.#.##.#
#....#
#.#.##.#
#.#.##
#.#.##.#
#.#.##.#
##.####.#.##.#


There were no monsters in sight!

Vanquished Creatures
  Maggie (D:6)
  Sigmund (D:4)
  A wyvern (D:6)
  An acid dragon (D:7)
  3 water moccasins
  3 ice beasts
  A black bear (D:7)
  3 centaurs
  3 ogres
  2 bullfrogs
  A kobold brigand (D:7)
  3 scorpions
  2 howler monkeys
  A jelly (D:7)
  3 orc priests (D:6)
  4 hounds
  Jessica (D:3)
  5 iguanas
  An orc wizard (D:4)
  Terence (D:3)
  Robin (D:4)
  8 adders
  A shadow imp (D:6)
  A white imp (D:6)
  2 worms
  A dart slug (D:3)
  27 orcs
  12 endoplasms
  4 giant cockroaches
  8 hobgoblins
  13 jackals
  12 kobolds
  A quokka (D:1)
  9 ball pythons
  4 bats
  2 frilled lizards (D:1)
  11 goblins
  7 rats
165 creatures vanquished.

Vanquished Creatures (others)
  A goblin (D:4)
  A fungus (D:3)
2 creatures vanquished.

Grand Total: 167 creatures vanquished

Notes
Turn   | Place    | Note
-------+----------+-------------------------------------------
     0 | D:1      | qw the Minotaur Fighter began the quest for the Orb.
     0 | D:1      | Reached XP level 1. HP: 19/19 MP: 0/0
     0 | D:1      | 0 ||| qw: Version: 0.1-a-108-g9e35731
     0 | D:1      | 0 ||| qw: Game counter: 6347
     0 | D:1      | 0 ||| qw: Always use a shield: true
     0 | D:1      | 0 ||| qw: God list: Ru
     0 | D:1      | 0 ||| qw: Allow faded altars: false
     0 | D:1      | 0 ||| qw: Do Orc after D:15 true
     0 | D:1      | 0 ||| qw: Do second Lair branch before Depths: true
     0 | D:1      | 0 ||| qw: Lair rune preference: random
     0 | D:1      | 0 ||| qw: Plans: Normal
     0 | D:1      | 0 ||| PLANNING D:1-11
   163 | D:1      | Reached skill level 3 in Axes
   261 | D:1      | Reached XP level 2. HP: 23/26 MP: 1/1
   374 | D:1      | 374 ||| Stepping ~*~*~tactically~*~*~ (stealth).
   384 | D:1      | Reached skill level 4 in Axes
   642 | D:1      | 642 ||| Stepping ~*~*~tactically~*~*~ (stealth).
   646 | D:1      | 646 ||| Stepping ~*~*~tactically~*~*~ (stealth).
   652 | D:1      | Reached XP level 3. HP: 31/31 MP: 2/2
   671 | D:1      | 671 ||| Stepping ~*~*~tactically~*~*~ (stealth).
   672 | D:1      | 672 ||| Stepping ~*~*~tactically~*~*~ (stealth).
   676 | D:1      | 676 ||| Stepping ~*~*~tactically~*~*~ (stealth).
  1023 | D:1      | 1023 ||| UPGRADING to +0 chain mail.
  1033 | D:1      | 1033 ||| DROPPING +0 scale mail.
  1034 | D:1      | 1034 ||| DROPPING amulet of faith.
  1035 | D:1      | 1035 ||| READING 2 scrolls labelled UFIOHI KIZXA.
  1036 | D:1      | 1036 ||| READING scroll labelled RIETUK YMOERU.
  1037 | D:1      | 1037 ||| READING 2 scrolls labelled HAIM DEUMUI.
  1038 | D:1      | 1038 ||| DRINKING 2 coppery potions.
  1039 | D:1      | 1039 ||| DROPPING scroll of poison.
  1040 | D:1      | 1040 ||| Stepping randomly (stuck).
  1041 | D:1      | 1041 ||| Stepping ~*~*~tactically~*~*~ (cloud).
  1505 | D:2      | 1505 ||| Stepping ~*~*~tactically~*~*~ (stealth).
  1508 | D:2      | 1508 ||| Stepping ~*~*~tactically~*~*~ (stealth).
  1591 | D:2      | Reached skill level 5 in Axes
  1756 | D:2      | 1756 ||| Stepping ~*~*~tactically~*~*~ (stealth).
  2010 | D:2      | Reached XP level 4. HP: 29/39 MP: 3/3
  2135 | D:2      | 2135 ||| READING scroll labelled AKAFEO TOQORPH.
  2136 | D:2      | 2136 ||| DRINKING 2 puce potions.
  2137 | D:2      | 2137 ||| READING 2 scrolls of identify.
  2137 | D:2      | 2137 ||| IDENTIFYING grey potion
  2138 | D:2      | 2138 ||| DROPPING potion of degeneration.
  2139 | D:2      | 2139 ||| DROPPING potion of brilliance.
  2172 | D:3      | 2172 ||| Stepping ~*~*~tactically~*~*~ (hiding).
  2216 | D:3      | 2216 ||| Stepping ~*~*~tactically~*~*~ (stealth).
  2314 | D:3      | Noticed Jessica
  2316 | D:3      | 2316 ||| Stepping ~*~*~tactically~*~*~ (hiding).
  2324 | D:3      | Killed Jessica
  2474 | D:3      | Noticed Terence
  2487 | D:3      | Killed Terence
  2488 | D:3      | Reached skill level 6 in Axes
  2488 | D:3      | 2488 ||| STAIRDANCE
  2544 | D:2      | 2544 ||| UPGRADING to ring of resist corrosion.
  2800 | D:3      | 2800 ||| Stepping ~*~*~tactically~*~*~ (stealth).
  2856 | D:3      | Found a runed translucent door.
  2857 | D:3      | Noticed Crazy Yiuf
  3102 | D:3      | 3102 ||| UPGRADING to +0 pair of boots.
  3107 | D:3      | 3107 ||| READING scroll labelled SARIMA BEBROUT.
  3168 | D:3      | 3168 ||| READING scroll labelled PUFRAU UTAF.
  3169 | D:3      | 3169 ||| READING scroll labelled REAFISMUOS.
  3267 | D:4      | 3267 ||| Stepping ~*~*~tactically~*~*~ (hiding).
  3269 | D:4      | 3269 ||| Stepping ~*~*~tactically~*~*~ (hiding).
  3272 | D:4      | 3272 ||| Stepping ~*~*~tactically~*~*~ (hiding).
  3288 | D:4      | Reached XP level 5. HP: 21/45 MP: 4/4
  3482 | D:4      | 3482 ||| Stepping ~*~*~tactically~*~*~ (stealth).
  3493 | D:4      | 3493 ||| Stepping ~*~*~tactically~*~*~ (stealth).
  3494 | D:4      | 3494 ||| Stepping ~*~*~tactically~*~*~ (stealth).
  3569 | D:4      | 3569 ||| Stepping ~*~*~tactically~*~*~ (stealth).
  3570 | D:4      | 3570 ||| Stepping ~*~*~tactically~*~*~ (stealth).
  3663 | D:4      | Noticed Sigmund
  3668 | D:4      | Killed Sigmund
  3669 | D:4      | Reached skill level 8 in Axes
  3669 | D:4      | Reached XP level 6. HP: 32/51 MP: 5/5
  3852 | D:4      | 3852 ||| DROPPING +0 flail.
  3949 | D:4      | Found an ornate altar of the Wu Jian Council.
  4276 | D:4      | Noticed Robin
  4285 | D:4      | Killed Robin
  4317 | D:4      | 4317 ||| DRINKING 3 emerald potions.
  4318 | D:4      | 4318 ||| DRINKING 2 fizzy pink potions.
  4319 | D:4      | 4319 ||| READING 5 scrolls of identify.
  4319 | D:4      | 4319 ||| IDENTIFYING glowing puce potion
  4320 | D:4      | 4320 ||| DROPPING potion of lignification.
  4321 | D:4      | 4321 ||| DROPPING 2 potions of attraction.
  4358 | D:5      | Entered Level 5 of the Dungeon
  4373 | D:5      | Reached XP level 7. HP: 55/59 MP: 6/6
  4464 | D:5      | Reached skill level 9 in Axes
  4574 | D:5      | 4574 ||| Stepping ~*~*~tactically~*~*~ (stealth).
  4589 | D:5      | 4589 ||| Stepping ~*~*~tactically~*~*~ (stealth).
  4590 | D:5      | 4590 ||| Stepping ~*~*~tactically~*~*~ (stealth).
  4594 | D:5      | Found a glowing golden altar of the Shining One.
  4607 | D:5      | 4607 ||| Stepping ~*~*~tactically~*~*~ (hiding).
  4661 | D:5      | Found an iron altar of Okawaru.
  4707 | D:5      | Reached skill level 10 in Axes
  4971 | D:5      | Reached skill level 1 in Throwing
  5121 | D:5      | Reached XP level 8. HP: 39/70 MP: 7/7
  5316 | D:5      | Found a burning altar of Makhleb.
  5321 | D:5      | Reached skill level 6 in Fighting
  5432 | D:5      | 5432 ||| DROPPING orb of energy.
  5433 | D:5      | 5433 ||| UPGRADING to ring of positive energy.
  5434 | D:5      | 5434 ||| READING 6 scrolls of identify.
  5434 | D:5      | 5434 ||| IDENTIFYING silvery potion
  5435 | D:5      | 5435 ||| READING 5 scrolls of identify.
  5435 | D:5      | 5435 ||| IDENTIFYING purple potion
  5436 | D:5      | 5436 ||| DROPPING potion of flight.
  5548 | D:6      | 5548 ||| Stepping ~*~*~tactically~*~*~ (stealth).
  5652 | D:6      | 5652 ||| Stepping ~*~*~tactically~*~*~ (stealth).
  5662 | D:6      | 5662 ||| Stepping ~*~*~tactically~*~*~ (stealth).
  5730 | D:6      | Reached skill level 11 in Axes
  5925 | D:6      | Noticed Maggie
  5926 | D:6      | 5926 ||| Stepping ~*~*~tactically~*~*~ (hiding).
  5927 | D:6      | 5927 ||| Stepping ~*~*~tactically~*~*~ (hiding).
  5937 | D:6      | Killed Maggie
  5938 | D:6      | Reached skill level 6 in Armour
  6046 | D:6      | 6046 ||| DROPPING +2 morningstar of venom.
  6191 | D:6      | 6191 ||| Stepping ~*~*~tactically~*~*~ (stealth).
  6195 | D:6      | 6195 ||| FLEEEEING.
  6200 | D:6      | 6200 ||| FLEEEEING.
  6208 | D:6      | 6208 ||| FLEEEEING.
  6209 | D:6      | 6209 ||| FLEEEEING.
  6210 | D:6      | 6210 ||| FLEEEEING.
  6211 | D:6      | 6211 ||| FLEEEEING.
  6212 | D:6      | 6212 ||| FLEEEEING.
  6213 | D:6      | 6213 ||| FLEEEEING.
  6214 | D:6      | 6214 ||| FLEEEEING.
  6216 | D:6      | 6216 ||| FLEEEEING.
  6217 | D:6      | 6217 ||| FLEEEEING.
  6549 | D:6      | Reached XP level 9. HP: 67/77 MP: 8/8
  6645 | D:6      | 6645 ||| FLEEEEING.
  6648 | D:6      | 6648 ||| FLEEEEING.
  6795 | D:6      | Reached skill level 12 in Axes
  6803 | D:6      | 6803 ||| Stepping ~*~*~tactically~*~*~ (stealth).
  6805 | D:6      | 6805 ||| Stepping ~*~*~tactically~*~*~ (stealth).
  6808 | D:6      | 6808 ||| Stepping ~*~*~tactically~*~*~ (stealth).
  6820 | D:6      | HP: 15/77 [wyvern (7)]
  6821 | D:6      | 6821 ||| READING 2 scrolls of teleportation.
  7183 | D:6      | Found a staircase to the Ecumenical Temple.
  7184 | D:6      | 7184 ||| PLANNING TEMPLE
  7184 | D:6      | 7184 ||| UPGRADING to +0 swamp dragon scales.
  7194 | D:6      | 7194 ||| READING scroll labelled VENISE HEUNN.
  7200 | Temple   | Entered the Ecumenical Temple
  7292 | Temple   | Became a worshipper of Ru the Awakened
  7416 | Temple   | 7416 ||| PLANNING D:1-11
  7666 | D:7      | Found a flagged portal.
  7744 | D:7      | Reached skill level 3 in Dodging
  7804 | D:7      | 7804 ||| Stepping ~*~*~tactically~*~*~ (hiding).
  7983 | D:7      | 7983 ||| Stepping ~*~*~tactically~*~*~ (stealth).
  8150 | D:7      | Reached skill level 13 in Axes
  8230 | D:7      | 8230 ||| Stepping ~*~*~tactically~*~*~ (hiding).
  8233 | D:7      | 8233 ||| Stepping ~*~*~tactically~*~*~ (hiding).
  8423 | D:7      | 8423 ||| UPGRADING to amulet of reflection.
  8428 | D:7      | 8428 ||| READING scroll labelled XEUBRO DEHERR.
  8452 | D:8      | 8452 ||| STAIRDANCE
  8474 | D:8      | 8474 ||| DROPPING +4 morningstar of freezing.
  8526 | D:8      | Noticed Erica
  8538 | D:8      | HP: 18/79 [something/lance of force (12)]
  8540 | D:8      | HP: 2/79 [something (14)]
  8540 | D:8      | Slain by Erica

Levels and vault maps discovered:
D:1:      roderic_chinese_lattice_arrival, layout_basic, hex_intersection,
          hangedman_decor_peaks_small, minmay_tromino_v4_b
D:2:      layout_basic, chequers_garden
D:3:      layout_loops_cross, uniq_terence, uniq_crazy_yiuf_cottage,
          uniq_jessica
D:4:      layout_basic, mainiacjoe_overflow_small_starburst, sigmund_army,
          uniq_robin
D:5:      layout_basic, mainiacjoe_overflow_alcove_4,
          mainiacjoe_overflow_catwalk, mainiacjoe_overflow_cross_hatched
D:6:      layout_gridville, minmay_temple_entry_enclosed_plants, uniq_maggie
D:7:      layout_basic, enter_bailey_2
D:8:      layout_basic, dpeg_lair_monsters, gammafunk_ghost_wrathful_warriors,
          hangedman_decor_clover_reticule, uniq_erica
Temple:   minmay_temple_bridge_d

Skill      XL: |  1  2  3  4  5  6  7  8  9 |
---------------+----------------------------+-----
Axes           | 3 4 5 6 8 10 11 13 | 13.0
Dodging        | 2 3 |  3.3
Fighting       | 4 5 6 7 |  7.0
Throwing       | 1 |  1.0
Armour         | 6 |  6.0
Shields        | 4 |  4.7

Action                   |  1- 3 |  4- 6 |  7- 9 || total
-------------------------+-------+-------+-------++-------
Melee: War axe           |   112 |   115 |   220 ||   447
       Headbutt          |    16 |    16 |    41 ||    73
Throw: Boomerang         |    39 |    52 |    39 ||   130
  Use: Scroll            |     3 |     6 |     5 ||    14
       Potion            |     1 |     3 |       ||     4
Armor: Scale mail        |    38 |       |       ||    38
       Chain mail        |    19 |    53 |    73 ||   145
       Swamp dragon scal |       |       |    19 ||    19
Dodge: Dodged            |    49 |    30 |    77 ||   156
Block: Buckler           |    21 |    24 |    39 ||    84

Table legend:
 A = Non-vault XP
 B = Vault XP
 C = Vault XP percentage of total XP
 D = Non-vault monster count
 E = Vault monster count
 F = Vault count percentage of total count
                 A         B        C        D         E       F
            +---------+---------+-------+---------+---------+-------
      Total |    3579 |     740 |  17.1 |     151 |      14 |   8.5
            +---------+---------+-------+---------+---------+-------
        D:1 |      59 |       3 |   4.8 |      37 |       2 |   5.1
        D:2 |      38 |       0 |   0.0 |      19 |       0 |   0.0
        D:3 |      19 |      69 |  78.4 |       9 |       2 |  18.2
        D:4 |     269 |     253 |  48.5 |      23 |       9 |  28.1
        D:5 |     946 |       0 |   0.0 |      18 |       0 |   0.0
        D:6 |    1305 |     415 |  24.1 |      29 |       1 |   3.3
        D:7 |     937 |       0 |   0.0 |      14 |       0 |   0.0
        D:8 |       6 |       0 |   0.0 |       2 |       0 |   0.0
            +---------+---------+-------+---------+---------+-------
